 Dungeon Crawl Stone Soup version 0.22-a0-825-ga28c36f (webtiles) character file.

28 Amnesiac the Magician (level 2, -1/19 HPs)
             Began as a Mummy Earth Elementalist on July 24, 2018.
             Slain by Sigmund
             ... wielding a +0 scythe of slicing
              (4 damage)
             ... on level 3 of the Dungeon.
             The game lasted 00:01:21 (413 turns).

Amnesiac the Magician (Mummy Earth Elementalist)     Turns: 413, Time: 00:01:21

Health: -1/19      AC:  2    Str: 16    XL:     2   Next: 96%
Magic:  0/6        EV: 12    Int: 14    God:
Gold:   52         SH:  0    Dex: 12    Spells: 4/7 levels left

rFire    x . .     SeeInvis .   (no weapon)
rCold    + . .     Gourm    .   (no shield)
rNeg     + + +     Faith    .   c - +0 robe
rPois    ∞         Spirit   .   (no helmet)
rElec    .         Reflect  .   (no cloak)
rCorr    .         Harm     .   (no gloves)
MR       .....                  (no boots)
Stlth    ++........             (no amulet)
HPRegen  0.06/turn              a - +5 ring of strength
MPRegen  0.10/turn              (no ring)

@: no status effects
A: no food or potions, fire vulnerability, cold resistance 1, negative energy
resistance 3, torment resistance, unbreathing
a: no special abilities


You were on level 3 of the Dungeon.
You were not hungry.

You visited 1 branch of the dungeon, and saw 3 of its levels.

You collected 52 gold pieces.

Inventory:

Missiles
 b - 52 stones (quivered)
Armour
 c - a +0 robe (worn)
Jewellery
 a - a +5 ring of strength (left hand)
Wands
 f - a wand of polymorph (11)
Scrolls
 d - 3 scrolls of identify {!r, unknown}
 e - a scroll of blinking {!r, unknown}


   Skills:
 - Level 1.5 Dodging
 - Level 1.5 Stealth
 + Level 3.2 Spellcasting
 - Level 0.7 Transmutations
 * Level 3.2 Earth Magic


You had 4 spell levels left.
You knew the following spells:

 Your Spells              Type           Power        Failure   Level  Hunger
a - Sandblast             Erth           ##....       5%          1    N/A
b - Passwall              Tmut/Erth      #.......     14%         2    N/A

Your spell library contained the following spells:

 Spells                   Type           Power        Failure   Level  Hunger
 Stone Arrow              Conj/Erth      #.....       32%         3    N/A
 Lee's Rapid Deconstruct  Erth           ##........   83%         5    N/A
 Petrify                  Tmut/Erth      #.......     67%         4    N/A

Dungeon Overview and Level Annotations

Branches:
Dungeon (3/15)

Altars:
Okawaru

Annotations:
D:3 Sigmund


Innate Abilities, Weirdness & Mutations

You do not eat or drink.
Your flesh is vulnerable to fire.
You are immune to poison.
Your flesh is cold resistant. (rC+)
You are immune to negative energy. (rN+++)
You are immune to unholy pain and torment.
You can survive without breathing.


Message History

There is an open door here.
Sigmund the Dreaded comes into view.
He is wielding a scythe of slicing.
Casting: Sandblast (safe; 5% risk of failure)
Confirm with . or Enter, or press ? or * to list all spells.
Aiming: Sandblast (safe; 5% risk of failure)
Press: ? - help, Shift-Dir - straight line, f - Sigmund
Aim: Sigmund, wielding a scythe of slicing and wearing a robe (resting)
The blast of sand hits Sigmund.
Sigmund is lightly wounded.
Sigmund shouts!
b - 57 stones You hear a bark!
Casting: Sandblast (safe; 5% risk of failure)
Confirm with . or Enter, or press ? or * to list all spells.
Aiming: Sandblast (safe; 5% risk of failure)
Press: ? - help, Shift-Dir - straight line, f/p - Sigmund
Aim: Sigmund, wielding a scythe of slicing and wearing a robe (lightly wounded)
The blast of sand hits Sigmund.
Sigmund is moderately wounded.
b - 56 stones A jackal comes into view.
A rat comes into view.
Sigmund casts a spell at you. The magic dart hits you!
Casting: Sandblast (safe; 5% risk of failure)
Confirm with . or Enter, or press ? or * to list all spells.
Aiming: Sandblast (safe; 5% risk of failure)
Press: ? - help, Shift-Dir - straight line, f/p - Sigmund
Aim: Sigmund, wielding a scythe of slicing and wearing a robe (moderately wounded)
The blast of sand hits Sigmund.
Sigmund is heavily wounded.
b - 55 stones Sigmund misses you.
Casting: Sandblast (safe; 5% risk of failure)
Confirm with . or Enter, or press ? or * to list all spells.
Aiming: Sandblast (safe; 5% risk of failure)
Press: ? - help, Shift-Dir - straight line, f/p - Sigmund
Aim: Sigmund, wielding a scythe of slicing and wearing a robe (heavily wounded)
The blast of sand hits Sigmund.
Sigmund is severely wounded.
b - 54 stones
Casting: Sandblast (safe; 5% risk of failure)
Confirm with . or Enter, or press ? or * to list all spells.
Aiming: Sandblast (safe; 5% risk of failure)
Press: ? - help, Shift-Dir - straight line, f/p - Sigmund
Aim: Sigmund, wielding a scythe of slicing and wearing a robe (severely wounded)
The blast of sand hits Sigmund.
Sigmund is almost dead.
b - 53 stones A jackal comes into view.
Sigmund barely misses you.
Casting: Sandblast (safe; 5% risk of failure)
Confirm with . or Enter, or press ? or * to list all spells.
Aiming: Sandblast (safe; 5% risk of failure)
Press: ? - help, Shift-Dir - straight line, f/p - Sigmund
Aim: Sigmund, wielding a scythe of slicing and wearing a robe (almost dead)
The blast of sand hits Sigmund.
Sigmund is almost dead.
b - 52 stones The jackal barks!
The jackal bites you but does no damage.
Sigmund hits you from afar with a scythe of slicing!
Ouch! That really hurt!
* * * LOW HITPOINT WARNING * * *
You die...

#..... ..####... #.....
......$.. #.....
#.h.....# #.....
#....$..# #.....
#.......# #.....
#......@# ###.....
......h.# #......#
..[.r..@#########......#
..####..........'......'
############......#
#.....†# #......#
#......# #...)..#
#......# #......#


You could see Sigmund, 2 jackals and a rat.

Vanquished Creatures
  2 oozes (D:1)
  A dart slug (D:2)
  A leopard gecko (D:3)
  3 giant cockroaches
  2 goblins
  2 jackals (D:3)
  2 kobolds (D:1)
  A bat (D:2)
  A rat (D:1)
15 creatures vanquished.

Notes
Turn   | Place    | Note
-------+----------+-------------------------------------------
     0 | D:1      | Amnesiac the Mummy Earth Elementalist began the quest for the Orb.
     0 | D:1      | Reached XP level 1. HP: 13/13 MP: 4/4
    75 | D:1      | Reached XP level 2. HP: 19/19 MP: 2/5
    84 | D:1      | Learned a level 2 spell: Passwall
   316 | D:3      | Found an iron altar of Okawaru.
   406 | D:3      | Noticed Sigmund
   413 | D:3      | Slain by Sigmund

Vault maps used:
D:1:      erik_arrival_gehennom, tso_altar
D:2:      first_ration, serial_park_tiny_1
D:3:      lemuel_statue_altar, uniq_sigmund

Skill      XL: |  1  2 |
---------------+-------+-----
Spellcasting   | 3 |  3.2
Earth Magic    | 3 |  3.2
Dodging        | |  1.5
Stealth        | |  1.5
Transmutations | |  0.7

Action                   || total
-------------------------++-------
Melee: Unarmed           ||     1
 Cast: Sandblast         ||    33
       Passwall          ||     1
Armor: Robe              ||     1
Dodge: Dodged            ||     7

Table legend:
 A = Spawn XP
 B = Non-spawn XP
 C = Spawn XP percentage of total XP
 D = Spawn monster count
 E = Non-spawn monster count
 F = Spawn count percentage of total count
 G = Total turns spent on level
                    A         B        C        D         E        F      G
               +---------+---------+-------+---------+---------+-------+---------
         Total |       0 |      40 |   0.0 |       0 |      15 |   0.0 |   413
               +---------+---------+-------+---------+---------+-------+---------
           D:1 |       0 |      20 |   0.0 |       0 |       6 |   0.0 |   197
           D:2 |       0 |       9 |   0.0 |       0 |       4 |   0.0 |   102
           D:3 |       0 |      11 |   0.0 |       0 |       5 |   0.0 |   114
               +---------+---------+-------+---------+---------+-------+---------
